 Dungeon Sprint DCSS version 0.26-a0-1184-g95e395e029 (webtiles) character file.

Game seed: 12619734790394389172

1737 rocky1 the Zephyrmancer (level 9, -6/52 HPs)
             Began as a Tengu Air Elementalist on Dec 28, 2020.
             Was an Elder of Sif Muna.
             Mangled by a six-headed hydra (14 damage)
             ... in the Dungeon (Sprint IX: "|||||||||||||||||||||||||||||").
             The game lasted 00:06:04 (967 turns).

rocky1 the Zephyrmancer (Tengu Air Elementalist)     Turns: 967, Time: 00:06:04

Health: -6/52      AC:  3    Str: 10    XL:     9   Next: 5%
Magic:  7/16       EV: 17    Int: 18    God:    Sif Muna [****..]
Gold:   0          SH:  0    Dex: 17    Spells: 7/17 levels left

rFire    . . .     SeeInvis .   m - +2 dire flail (protect)
rCold    . . .     Faith    .   (shield currently unavailable)
rNeg     . . .     Spirit   .   a - +0 robe
rPois    .         Reflect  .   (helmet restricted)
rElec    .         Harm     .   o - +0 cloak
rCorr    .         Rampage  .   (no gloves)
Will     .....     NoTele   +   (boots unavailable)
Stlth    ++........             (no amulet)
HPRegen  0.17/turn              q - +2 ring of evasion
MPRegen  0.15/turn              r - +3 ring of dexterity

@: no status effects
A: beak, talons 3, able to fly
a: Fly, Renounce Religion, Channel Magic, Forget Spell, Divine Exegesis


You were in the Dungeon.
You worshipped Sif Muna.
Sif Muna was greatly pleased with you.
You visited 1 branch

Inventory:

Hand Weapons
 m - a +2 dire flail of protection (weapon)
 n - a +2 scimitar of flaming
Armour
 a - a +0 robe (worn)
 o - a +0 cloak (worn)
 p - a +2 ring mail
Jewellery
 q - a +2 ring of evasion (left hand)
 r - a +3 ring of dexterity (right hand)
Wands
 l - a wand of iceblast (10)
Scrolls
 h - 4 scrolls of blinking
 j - 4 scrolls of remove curse
 k - 2 scrolls of amnesia
 u - 2 scrolls of enchant weapon
 v - a scroll of identify
 w - 2 scrolls of enchant armour
Potions
 b - a potion of brilliance
 c - 4 potions of curing
 d - 6 potions of heal wounds
 e - a potion of haste
 f - 4 potions of magic
 g - a potion of berserk rage
 i - a potion of invisibility
 s - a potion of might
Miscellaneous
 t - a condenser vane


   Skills:
 + Level 4.3 Fighting
 + Level 4.8 Maces & Flails
 + Level 4.8 Armour
 + Level 5.4 Dodging
 - Level 2.0 Stealth
 + Level 4.6 Spellcasting
 - Level 14.1 Conjurations
 - Level 14.4 Air Magic
 + Level 4.0 Invocations
 + Level 2.6 Evocations


You had 7 spell levels left.
You knew the following spells:

 Your Spells              Type           Power        Failure   Level
a - Shock                 Conj/Air       100%         1%          1
b - Lightning Bolt        Conj/Air       27%          1%          5
c - Airstrike             Air            27%          1%          4

Your spell library contained the following spells:

 Spells                   Type           Power        Failure   Level
 Swiftness                Air            54%          1%          2
 Static Discharge         Conj/Air       54%          1%          3


Dungeon Overview and Level Annotations

Branches:
Dungeon (1/1)

Altars:
Cheibriados
Dithmenos
Elyvilon
Fedhas
Gozag
Hepliaklqana
Kikubaaqudgha
Makhleb
Nemelex Xobeh
Okawaru
Qazlal
Ru
Sif Muna
Trog
Uskayaw
Vehumet
Wu Jian
Xom
Yredelemnul
Zin
The Shining One
Beogh
Jiyva
Lugonu


Innate Abilities, Weirdness & Mutations

You have a beak for a mouth.
You have claws for feet.
You can fly continuously.


Message History

You hear a mighty clap of thunder!
The bolt of lightning hits the six-headed hydra!
The six-headed hydra is moderately wounded.
The bolt of lightning hits the cane toad!
You kill the cane toad!
Sif Muna accepts your kill.
The bolt of lightning misses the yak.
The bolt of lightning hits the komodo dragon.
The komodo dragon is lightly wounded.
The bolt of lightning hits the bullfrog!
The bullfrog is severely wounded.
The six-headed hydra completely misses you.
The six-headed hydra bites you!!
The six-headed hydra completely misses you.
The six-headed hydra bites you!
* * * LOW HITPOINT WARNING * * *
The six-headed hydra bites you.
* * * LOW HITPOINT WARNING * * *
The six-headed hydra bites you!
You die...

▓▓▓▓▓▓▓▓▓▓▓▓▓▓▓▓▓▓▓▓▓▓▓▓
..FlY.D@......).....'...
▓▓▓▓▓▓▓▓▓▓▓▓▓▓▓▓▓▓▓▓▓▓▓▓▓▓▓▓▓▓▓▓▓
.................................
▓▓▓▓▓▓▓▓▓▓▓▓▓▓▓▓▓▓▓▓▓▓▓▓▓▓▓▓▓▓▓▓▓
____________________'.†.†)'...†.'
▓▓▓▓▓▓▓▓▓▓▓▓▓▓▓▓▓▓▓▓▓▓▓▓▓▓▓▓▓▓▓▓▓


You could see a six-headed hydra, a komodo dragon, a yak and a bullfrog.

Vanquished Creatures
  2 cane toads (D)
  A troll (D)
  2 yaks (D)
  2 wyverns (D)
  A water moccasin (D)
  A necrophage (D)
  A black bear (D)
  A centaur (D)
  A big kobold (D)
  A bullfrog (D)
  A scorpion (D)
  A wight (D)
  2 worker ants (D)
  A gnoll (D)
  A white imp (D)
  A dart slug (D)
  A leopard gecko (D)
  A bat skeleton (D)
  2 kobolds (D)
  2 rats (D)
26 creatures vanquished.

Notes
Turn   | Place    | Note
-------+----------+-------------------------------------------
     0 | D        | rocky1 the Tengu Air Elementalist began the quest for the
                  | Orb.
     0 | D        | Reached XP level 1. HP: 10/10 MP: 4/4
    12 | D        | Reached skill level 5 in Air Magic
   103 | D        | Noticed a worker ant
   106 | D        | Reached XP level 2. HP: 15/15 MP: 3/6
   109 | D        | Reached XP level 3. HP: 19/19 MP: 0/7
   176 | D        | Found a roughly hewn altar of Beogh.
   176 | D        | Found a snail-covered altar of Cheibriados.
   176 | D        | Found a shadowy altar of Dithmenos.
   176 | D        | Found a white marble altar of Elyvilon.
   176 | D        | Found a blossoming altar of Fedhas.
   176 | D        | Found an opulent altar of Gozag.
   177 | D        | Found a hazy altar of Hepliaklqana.
   178 | D        | Found a viscous altar of Jiyva.
   179 | D        | Found an ancient bone altar of Kikubaaqudgha.
   180 | D        | Found a corrupted altar of Lugonu.
   181 | D        | Found a burning altar of Makhleb.
   182 | D        | Found a sparkling altar of Nemelex Xobeh.
   183 | D        | Found an iron altar of Okawaru.
   184 | D        | Found a stormy altar of Qazlal.
   185 | D        | Found a sacrificial altar of Ru.
   186 | D        | Found a shimmering blue altar of Sif Muna.
   187 | D        | Found a bloodstained altar of Trog.
   188 | D        | Found a hide-covered altar of Uskayaw.
   189 | D        | Found a radiant altar of Vehumet.
   190 | D        | Found an ornate altar of the Wu Jian Council.
   191 | D        | Found a shimmering altar of Xom.
   192 | D        | Found a basalt altar of Yredelemnul.
   193 | D        | Found a glowing silver altar of Zin.
   194 | D        | Became a worshipper of Sif Muna the Loreminder
   195 | D        | Found a glowing golden altar of the Shining One.
   357 | D        | Noticed a black bear
   357 | D        | Noticed a wyvern
   357 | D        | Noticed a big kobold
   357 | D        | Noticed a bullfrog
   357 | D        | Noticed a necrophage
   362 | D        | Reached XP level 4. HP: 9/24 MP: 3/8
   363 | D        | Killed a bullfrog
   364 | D        | Reached skill level 10 in Air Magic
   364 | D        | Gained mutation: You can fly continuously. [Tengu growth]
   364 | D        | Reached XP level 5. HP: 20/28 MP: 2/9
   368 | D        | Killed a necrophage
   368 | D        | Reached * piety under Sif Muna
   369 | D        | Reached XP level 6. HP: 19/32 MP: 3/10
   371 | D        | Killed a wyvern
   372 | D        | Reached XP level 7. HP: 18/36 MP: 2/11
   375 | D        | Reached ** piety under Sif Muna
   527 | D        | Learned a level 5 spell: Lightning Bolt
   532 | D        | Learned a level 4 spell: Airstrike
   637 | D        | Noticed a wyvern
   637 | D        | Noticed a yak
   637 | D        | Noticed a troll
   639 | D        | Killed a wyvern
   640 | D        | Killed a troll
   640 | D        | Reached *** piety under Sif Muna
   641 | D        | Reached XP level 8. HP: 45/45 MP: 0/14
   744 | D        | Killed a yak
   958 | D        | Noticed a six-headed hydra
   958 | D        | Noticed a yak
   958 | D        | Noticed a cane toad
   958 | D        | Noticed a cane toad
   958 | D        | Noticed a yak
   960 | D        | Killed a yak
   960 | D        | Killed a cane toad
   960 | D        | Reached **** piety under Sif Muna
   961 | D        | Reached skill level 5 in Dodging
   961 | D        | Reached XP level 9. HP: 52/52 MP: 4/16
   961 | D        | Noticed a komodo dragon
   967 | D        | Killed a cane toad
   967 | D        | Mangled by a six-headed hydra

Illustrated notes

Levels and vault maps discovered:
D:        linesprint [early_d, line_temple, items_1, d_10, items_2, lair_1,
          lair_end, items_3, orc_1, orc_end, items_4, d_15, swamp_1, shoals_1,
          snake_1, spider_1, d_20, vaults_1, items_5, swamp_end, shoals_end,
          snake_end, spider_end, vaults_end, d_27, items_6, zot_1, zot_end,
          crypt_end, forest_end, elf_end, slime_end, tomb_end, abyss_end,
          pan_hell_end]

Skill      XL: |  1  2  3  4  5  6  7  8 |
---------------+-------------------------+-----
Conjurations   | 3 6 8 9 11 13 14 | 14.1
Air Magic      | 5 7 9 10 11 13 14 | 14.4
Fighting       | 2 4 |  4.3
Maces & Flails | 3 4 |  4.8
Armour         | 3 4 |  4.8
Dodging        | 4 5 |  5.4
Spellcasting   | 3 4 |  4.6
Invocations    | 2 4 |  4.0
Evocations     | 2 |  2.6
Stealth        | |  2.0

Action                   |  1- 3 |  4- 6 |  7- 9 || total
-------------------------+-------+-------+-------++-------
Melee: Unarmed           |     3 |       |       ||     3
       Dagger            |     4 |       |       ||     4
       Kick              |     1 |       |     2 ||     3
       Dire flail        |       |     7 |     7 ||    14
       Peck              |       |     1 |     2 ||     3
 Cast: Shock             |    12 |     2 |     4 ||    18
       Lightning Bolt    |       |       |     7 ||     7
Invok: Channel Magic     |       |       |     1 ||     1
  Use: Potion            |       |     1 |     2 ||     3
Armor: Robe              |     1 |     1 |     4 ||     6
Dodge: Dodged            |     8 |     6 |    13 ||    27

Table legend: (Time is in decaauts)
 A = Elapsed time spent in this place.
 B = Non-inter-level travel time spent in this place.
 C = Inter-level travel time spent in this place.
 D = Time resting spent in this place.
 E = Time spent auto-exploring this place.
 F = Levels seen in this place.
 G = Mean time per level.
                   A        B        C        D        E       F      G
               +--------+--------+--------+--------+--------+-----+--------+
         Total |    968 |    968 |      0 |    673 |      0 |   1 |  968.0 |
       Dungeon |    968 |    968 |      0 |    673 |      0 |   1 |  968.0 |
               +--------+--------+--------+--------+--------+-----+--------+

Top non-repeatable levels by time:
       D: 968 daAuts
